MLB
NEW YORK METS @ PHILADELPHIA PHILLIES
08/04/2023
 
TOP OF THE 1ST
New York Mets batting - Pitching for Philadelphia Phillies : RHP Ken Walker
Pitching: RHP Ken Walker
Batting: LHB Kenny Hernandez 0-0: Ball
1-0: Foul Ball, location: 9LSF
1-1: Ball
2-1: Ground out U3 (Groundball, 34, EV 93.8 MPH)
Batting: RHB Dustin Peterson 0-0: Hit by Pitch
Batting: LHB Jim Hayes 0-0: Called Strike
0-1: Ball
1-1: DOUBLE (Flyball, 78XD, EV 105.6 MPH)
Dustin Peterson to third
Runner from 3rd tries for Home, throw by LF and OUT! 7-6-2
Jim Hayes to third
Batting: RHB Danny Badger 0-0: Swinging Strike
0-1: Called Strike
0-2: Strikes out swinging
Top of the 1st over - 0 runs, 1 hit, 0 errors, 1 left on base; New York 0 - Philadelphia 0
BOTTOM OF THE 1ST
Philadelphia Phillies batting - Pitching for New York Mets : RHP Kyle Crick
Pitching: RHP Kyle Crick
Batting: SHB Francisco Lindor 0-0: Ball
1-0: Foul Ball, location: 25F
1-1: Called Strike
1-2: Foul Ball, location: 2F
1-2: Strikes out swinging
Batting: LHB J.P. Crawford 0-0: Ball
1-0: SINGLE (Groundball, 4S, EV 65.0 MPH) (infield hit)
Batting: RHB Maikel Franco 0-0: 2-RUN HOME RUN (Flyball, 9D, EV 100.6 MPH), Distance : 390 ft
Batting: LHB Anthony Rizzo 0-0: Ground out 4-3 (Groundball, 34D, EV 106.3 MPH)
Batting: LHB Ivan Hakanson 0-0: Ball
1-0: Ground out 3-1 (Groundball, 34S, EV 80.0 MPH)
Bottom of the 1st over - 2 runs, 2 hits, 0 errors, 0 left on base; New York 0 - Philadelphia 2
TOP OF THE 2ND
New York Mets batting - Pitching for Philadelphia Phillies : RHP Ken Walker
Batting: LHB Jeff Clark 0-0: Ball
1-0: Foul Ball, location: 2RF
1-1: Called Strike
1-2: Foul Ball, location: 2F
1-2: Ball
2-2: Foul Ball, location: 5F
2-2: Ground out 4-3 (Groundball, 4, EV 83.8 MPH)
Batting: RHB Travis d'Arnaud 0-0: Ball
1-0: Ball
2-0: Ball
3-0: Called Strike
3-1: Fly out, F9 (Flyball, 9D, EV 105.6 MPH)
Batting: LHB Ben Simmons 0-0: Called Strike
0-1: Ball
1-1: Foul Ball, location: 2F
1-2: Ground out 5-3 (Groundball, 5S, EV 70.0 MPH)
Top of the 2nd over - 0 runs, 0 hits, 0 errors, 0 left on base; New York 0 - Philadelphia 2
BOTTOM OF THE 2ND
Philadelphia Phillies batting - Pitching for New York Mets : RHP Kyle Crick
Batting: LHB Lou Brown 0-0: SOLO HOME RUN (Flyball, 9D, EV 97.5 MPH), Distance : 378 ft
Batting: LHB Ernesto Almirón 0-0: Ball
1-0: Ground out 4-3 (Groundball, 4, EV 80.6 MPH)
Batting: LHB Ben Moore 0-0: Swinging Strike
0-1: Foul Ball, location: 2F
0-2: Strikes out looking
Batting: RHB Leo Marrero 0-0: Ball
1-0: Foul Ball, location: 3F
1-1: Fly out, F9 (Flyball, 9LS, EV 83.8 MPH)
Bottom of the 2nd over - 1 run, 1 hit, 0 errors, 0 left on base; New York 0 - Philadelphia 3
TOP OF THE 3RD
New York Mets batting - Pitching for Philadelphia Phillies : RHP Ken Walker
Batting: RHB Brendan Hudson 0-0: Ball
1-0: Ball
2-0: Ball
3-0: Called Strike
3-1: Foul Ball, location: 2F
3-2: Ground out 6-3 (Groundball, 6, EV 81.3 MPH)
Batting: RHB Aaron Altherr 0-0: Ball
1-0: SINGLE (Line Drive, 7S, EV 95.0 MPH)
Batting: LHB Kenny Hernandez 0-0: Ball
1-0: Ball
2-0: Ball
3-0: Called Strike
3-1: Foul Ball, location: 7LDF
3-2: Strikes out looking
Batting: RHB Dustin Peterson 0-0: SINGLE (Groundball, 34D, EV 106.9 MPH)
Aaron Altherr to second
Runner from 2nd tries for 3rd, SAFE, no throw by RF
Batting: LHB Jim Hayes 0-0: Foul Ball, location: 2F
0-1: Foul Ball, location: 2F
0-2: Ball
1-2: SINGLE (Line Drive, 8RS, EV 100.0 MPH)
Aaron Altherr scores
Dustin Peterson to second
Runner from 2nd tries for 3rd, SAFE, throw by CF made to third
Batting: RHB Danny Badger 0-0: Ground out 6-3 (Groundball, 6S, EV 83.8 MPH)
Top of the 3rd over - 1 run, 3 hits, 0 errors, 2 left on base; New York 1 - Philadelphia 3
BOTTOM OF THE 3RD
Philadelphia Phillies batting - Pitching for New York Mets : RHP Kyle Crick
Batting: SHB Francisco Lindor 0-0: Called Strike
0-1: Ball
1-1: Called Strike
1-2: Ground out 3-1 (Groundball, 34S, EV 81.9 MPH)
Batting: LHB J.P. Crawford 0-0: Called Strike
0-1: Foul Ball, location: 25FF
0-2: Ball
1-2: Foul Ball, location: 7LDF
1-2: Ground out 3-1 (Groundball, 34, EV 85.6 MPH)
Batting: RHB Maikel Franco 0-0: Called Strike
0-1: Called Strike
0-2: Strikes out swinging
Bottom of the 3rd over - 0 runs, 0 hits, 0 errors, 0 left on base; New York 1 - Philadelphia 3
TOP OF THE 4TH
New York Mets batting - Pitching for Philadelphia Phillies : RHP Ken Walker
Batting: LHB Jeff Clark 0-0: Ground out 4-3 (Groundball, 4M, EV 87.5 MPH)
Batting: RHB Travis d'Arnaud 0-0: SOLO HOME RUN (Flyball, 89XD, EV 101.3 MPH), Distance : 399 ft
Batting: LHB Ben Simmons 0-0: SINGLE (Line Drive, 56D, EV 96.3 MPH)
Batting: RHB Brendan Hudson 0-0: Called Strike
0-1: Called Strike
0-2: Ball
1-2: Strikes out swinging
Batting: RHB Aaron Altherr 0-0: Called Strike
Ben Simmons is caught stealing 2nd base 2-4
Top of the 4th over - 1 run, 2 hits, 0 errors, 0 left on base; New York 2 - Philadelphia 3
BOTTOM OF THE 4TH
Philadelphia Phillies batting - Pitching for New York Mets : RHP Kyle Crick
Batting: LHB Anthony Rizzo 0-0: Ball
1-0: Ball
2-0: Foul Ball, location: 5F
2-1: Ball
3-1: Foul Ball, location: 3F
3-2: Base on Balls
Batting: LHB Ivan Hakanson 0-0: Ball
1-0: SINGLE (Flyball, 8RS, EV 96.9 MPH)
Anthony Rizzo to second
Batting: LHB Lou Brown 0-0: Fly out, F7 (Flyball, 78S, EV 90.0 MPH)
Batting: LHB Ernesto Almirón 0-0: Foul Ball, location: 5FF
0-1: Fly out, F8 (Flyball, 78M, EV 85.0 MPH)
Batting: LHB Ben Moore 0-0: SINGLE (Flyball, 3D, EV 91.3 MPH)
Anthony Rizzo to third
Ivan Hakanson to second
Runner from 3rd tries for Home, SAFE, throw by RF to home
Batting: RHB Leo Marrero 0-0: Called Strike
0-1: Called Strike
0-2: Ball
1-2: Fly out, F9 (Flyball, 9, EV 93.1 MPH)
Bottom of the 4th over - 1 run, 2 hits, 0 errors, 2 left on base; New York 2 - Philadelphia 4
TOP OF THE 5TH
New York Mets batting - Pitching for Philadelphia Phillies : RHP Ken Walker
Batting: RHB Aaron Altherr 0-0: Ball
1-0: Called Strike
1-1: Called Strike
1-2: Strikes out swinging
Batting: LHB Kenny Hernandez 0-0: Ball
1-0: Ground out 3-1 (Groundball, 34S, EV 85.6 MPH)
Batting: RHB Dustin Peterson 0-0: Ground out 5-3 (Groundball, 5L, EV 101.9 MPH)
Top of the 5th over - 0 runs, 0 hits, 0 errors, 0 left on base; New York 2 - Philadelphia 4
BOTTOM OF THE 5TH
Philadelphia Phillies batting - Pitching for New York Mets : RHP Kyle Crick
Batting: SHB Francisco Lindor 0-0: Ball
1-0: Ball
2-0: Called Strike
2-1: Foul Ball, location: 5SF
2-2: Ball
3-2: Fly out, F9 (Flyball, 89S, EV 88.8 MPH)
Batting: LHB J.P. Crawford 0-0: Ball
1-0: Ball
2-0: Ball
3-0: Called Strike
3-1: Ground out U3 (Groundball, 3, EV 82.5 MPH)
Batting: RHB Maikel Franco 0-0: Called Strike
0-1: Ball
1-1: Ball
2-1: Fly out, F9 (Flyball, 9D, EV 108.1 MPH)
Bottom of the 5th over - 0 runs, 0 hits, 0 errors, 0 left on base; New York 2 - Philadelphia 4
TOP OF THE 6TH
New York Mets batting - Pitching for Philadelphia Phillies : RHP Ken Walker
Batting: LHB Jim Hayes 0-0: Ball
1-0: Ball
2-0: Called Strike
2-1: Called Strike
2-2: SINGLE (Line Drive, 8RS, EV 91.9 MPH)
Batting: RHB Danny Badger 0-0: Ball
1-0: Called Strike
1-1: Swinging Strike
1-2: Strikes out swinging
Batting: LHB Jeff Clark 0-0: Ball
Jim Hayes is caught stealing 2nd base 2-6
1-0: Ball
2-0: Foul Ball, location: 25F
2-1: Ground out 6-3 (Groundball, 6, EV 105.0 MPH)
Top of the 6th over - 0 runs, 1 hit, 0 errors, 0 left on base; New York 2 - Philadelphia 4
BOTTOM OF THE 6TH
Philadelphia Phillies batting - Pitching for New York Mets : RHP Kyle Crick
Batting: LHB Anthony Rizzo 0-0: Ball
1-0: Ball
2-0: Ball
3-0: Called Strike
3-1: Base on Balls
Batting: LHB Ivan Hakanson 0-0: Ball
1-0: Ball
2-0: Foul Ball, location: 2F
2-1: Foul Ball, location: 2F
2-2: Ball
3-2: Foul Ball, location: 2F
3-2: Base on Balls
Anthony Rizzo to second
Batting: LHB Lou Brown 0-0: Ball
1-0: Foul Ball, location: 23F
1-1: Ball
2-1: DOUBLE (Flyball, 89D, EV 107.5 MPH)
Anthony Rizzo scores
Ivan Hakanson to third
Batting: LHB Ernesto Almirón 0-0: Intentional Walk
Pitching: RHP Sam Tuivailala
Batting: LHB Ben Moore 0-0: Ball
1-0: Grounds into double play, 6-4-3 (Groundball, 6M, EV 99.4 MPH)
Ivan Hakanson scores
Lou Brown to third
Batting: RHB Leo Marrero 0-0: Ball
1-0: Ball
2-0: Called Strike
2-1: Foul Ball, location: 9LDF
2-2: Ball
3-2: SINGLE (Groundball, 6MS, EV 85.6 MPH) (infield hit)
Lou Brown scores
Batting: SHB Francisco Lindor 0-0: Ball
1-0: Called Strike
1-1: Ball
2-1: Ground out 4-3 (Groundball, 4, EV 84.4 MPH)
Bottom of the 6th over - 3 runs, 2 hits, 0 errors, 1 left on base; New York 2 - Philadelphia 7
TOP OF THE 7TH
New York Mets batting - Pitching for Philadelphia Phillies : RHP Ken Walker
Batting: RHB Travis d'Arnaud 0-0: Ball
1-0: SOLO HOME RUN (Line Drive, 8RXD, EV 108.1 MPH), Distance : 419 ft
Batting: LHB Ben Simmons 0-0: Ball
1-0: Foul Ball, location: 7LSF
1-1: Ball
2-1: Fly out, F7 (Flyball, 78S, EV 91.9 MPH)
Batting: RHB Brendan Hudson 0-0: Fly out, F7 (Flyball, 78D, EV 98.1 MPH)
Batting: RHB Aaron Altherr 0-0: Fly out, F5 (Popup, 5SF, EV 76.3 MPH)
Top of the 7th over - 1 run, 1 hit, 0 errors, 0 left on base; New York 3 - Philadelphia 7
BOTTOM OF THE 7TH
Philadelphia Phillies batting - Pitching for New York Mets : RHP Sam Tuivailala
Pitching: LHP Roberto Cancio
Batting: LHB J.P. Crawford 0-0: Ball
1-0: Foul Ball, location: 5FF
1-1: Fly out, F7 (Flyball, 7S, EV 83.8 MPH)
Batting: RHB Maikel Franco 0-0: SINGLE (Line Drive, 9S, EV 93.1 MPH)
Batting: LHB Anthony Rizzo 0-0: Ball
1-0: Swinging Strike
1-1: Swinging Strike
1-2: Strikes out swinging
Batting: LHB Ivan Hakanson 0-0: Ground out 4-3 (Groundball, 13, EV 82.5 MPH)
Bottom of the 7th over - 0 runs, 1 hit, 0 errors, 1 left on base; New York 3 - Philadelphia 7
TOP OF THE 8TH
New York Mets batting - Pitching for Philadelphia Phillies : RHP Ken Walker
Pitching: RHP Mike Morin
Batting: LHB Kenny Hernandez 0-0: Foul Ball, location: 2F
0-1: Foul Ball, location: 7LMF
0-2: SINGLE (Groundball, 34D, EV 104.4 MPH)
Batting: RHB Dustin Peterson 0-0: Ball
1-0: Foul Ball, location: 9LSF
1-1: Called Strike
1-2: Ball
2-2: Ball
3-2: Base on Balls
Kenny Hernandez to second
Batting: LHB Jim Hayes 0-0: Ball
1-0: Foul Ball, location: 2F
1-1: DOUBLE (Flyball, 8RXD, EV 100.0 MPH)
Kenny Hernandez scores
Dustin Peterson to third
Batting: RHB Danny Badger 0-0: Ball
1-0: Ball
2-0: Called Strike
2-1: Foul Ball, location: 9LMF
2-2: Ball
3-2: Fly out, F9 (Flyball, 9D, EV 105.0 MPH)
Runner from 3rd tags up, SCORES, no throw by RF
Jim Hayes to third
Batting: LHB Jeff Clark 0-0: Ball
1-0: Ball
2-0: Called Strike
2-1: Foul Ball, location: 7LSF
2-2: Fielders Choice attempt at home, Runner SAFE. 4-2 (Groundball, 4, EV 100.6 MPH)
Batting: RHB Travis d'Arnaud 0-0: Ball
1-0: Called Strike
1-1: Ball
2-1: Foul Ball, location: 7LSF
2-2: Ball
3-2: Base on Balls
Jeff Clark to second
Pitching: RHP Kevin Quackenbush
Batting: LHB Ben Simmons 0-0: Fly out, F8 (Flyball, 8RD, EV 104.4 MPH)
Batting: SHB Greg Bernard 0-0: Called Strike
0-1: Ball
1-1: Called Strike
1-2: Ball
2-2: Strikes out swinging
Top of the 8th over - 3 runs, 2 hits, 0 errors, 2 left on base; New York 6 - Philadelphia 7
BOTTOM OF THE 8TH
Philadelphia Phillies batting - Pitching for New York Mets : LHP Roberto Cancio
Pitching: RHP Joe Malone
Batting: LHB Lou Brown 0-0: Ball
1-0: Ball
2-0: Swinging Strike
2-1: SOLO HOME RUN (Flyball, 89XD, EV 106.9 MPH), Distance : 436 ft
Batting: LHB Ernesto Almirón 0-0: Called Strike
0-1: Foul Ball, location: 9LMFF
0-2: Strikes out swinging
Batting: LHB Ben Moore 0-0: Swinging Strike
0-1: Ball
1-1: Ball
2-1: Ground out 4-3 (Groundball, 34D, EV 95.6 MPH)
Batting: RHB Leo Marrero 0-0: Called Strike
0-1: Ground out 2-3 (Groundball, 15S, EV 65.0 MPH)
Bottom of the 8th over - 1 run, 1 hit, 0 errors, 0 left on base; New York 6 - Philadelphia 8
TOP OF THE 9TH
New York Mets batting - Pitching for Philadelphia Phillies : RHP Kevin Quackenbush
Pitching: RHP Ken Giles
Batting: RHB Aaron Altherr 0-0: Called Strike
0-1: Ball
1-1: Ball
2-1: Foul Ball, location: 2F
2-2: Ball
3-2: Foul Ball, location: 2F
3-2: Strikes out looking
Batting: LHB Kenny Hernandez 0-0: SINGLE (Line Drive, 9S, EV 106.3 MPH)
Batting: RHB Dustin Peterson
Pinch Hitting: LHB Brandon Nimmo 0-0: Swinging Strike
0-1: Called Strike
0-2: Ball
1-2: Ball
2-2: Foul Ball, location: 5FF
2-2: Ball
3-2: Foul Ball, location: 7LSF
3-2: Ground out 6-3 (Groundball, 6, EV 83.1 MPH)
Kenny Hernandez to second
Batting: LHB Jim Hayes 0-0: Ball
1-0: Called Strike
1-1: Called Strike
1-2: Strikes out swinging
Top of the 9th over - 0 runs, 1 hit, 0 errors, 1 left on base; New York 6 - Philadelphia 8
Wednesday, August 9th , 2023 - OOTP Baseball 24.8 Build 75